 Dungeon Crawl Stone Soup version 0.18.1-8-gdd0e5ea (webtiles) character file.

20741 M4edhros the Grand Gadgeteer (level 12, 0/91 HPs)
             Began as a Mummy Artificer on June 2, 2016.
             Was the Champion of Pakellas.
             Slain by an unseen horror (8 damage)
             ... on level 12 of the Dungeon.
             The game lasted 00:45:26 (12722 turns).

M4edhros the Grand Gadgeteer (Mummy Artificer)     Turns: 12722, Time: 00:45:27

Health: 0/91       AC: 16    Str: 14    XL:     12   Next: 48%
Magic:  11/20      EV: 15    Int: 15    God:    Pakellas [******]
Gold:   157        SH:  3    Dex: 14    Spells: 0 memorised, 11 levels left

rFire  . . .     SeeInvis .     a - +4 arc blade {discharge, rElec}
rCold  + . .     Gourm    .     D - +2 robe {rF+}
rNeg   + + +     Faith    +     m - +0 buckler
rPois  ∞         Spirit   .     u - +2 helmet
rElec  +         Dismiss  .     C - +0 cloak
rCorr  .         Reflect  .     g - +2 pair of gloves
SustAt .         Harm     .     V - +1 pair of boots
MR     +....                    f - amulet of faith
Stlth  +++.......               R - +3 ring of protection
                                n - ring of stealth

@: somewhat resistant to hostile enchantments, fairly stealthy
A: no food or potions, fire vulnerability, cold resistance 1, negative energy
resistance 3, torment resistance, unbreathing
a: Quick Charge, Device Surge, Supercharge, Renounce Religion


You were on level 12 of the Dungeon.
You worshipped Pakellas.
Pakellas was exalted by your worship.
You were not hungry.

You visited 1 branch of the dungeon, and saw 13 of its levels.
You visited 1 bazaar.

You collected 688 gold pieces.
You spent 531 gold pieces at shops.

Inventory:

Hand Weapons
 a - the +4 arc blade (weapon) {discharge, rElec}
   (You bought it in a shop in a bazaar)

   It insulates you from electricity.
 h - a +6 hunting sling
 s - a +0 blowgun
 E - a +1 short sword of venom
 F - a +2 mace of protection
Missiles
 i - 252 stones (quivered)
 j - 47 poisoned needles
Armour
 g - a +2 pair of gloves (worn)
 m - a +0 buckler (worn)
 u - a +2 helmet (worn)
 C - a +0 cloak (worn)
 D - a +2 robe of fire resistance (worn)
 S - the cursed +0 ring mail of Trial and Error {rElec Int+4 Dex+4}
   (You found it on level 11 of the Dungeon)

   It affects your intelligence (+4).
   It affects your dexterity (+4).
   It insulates you from electricity.
   It has a curse placed upon it.
 V - a +1 pair of boots (worn)
Rods
 b - a +9 lightning rod (15/17)
   (Pakellas gifted it to you on level 10 of the Dungeon)
Jewellery
 f - an amulet of faith (around neck)
 n - a ring of stealth (left hand)
 r - a +2 amulet of reflection
 J - an uncursed ring of flight
 M - an uncursed ring of ice
 R - a +3 ring of protection (right hand)
 U - an uncursed ring of poison resistance {unknown}
Wands
 c - a wand of flame (0/48)
 d - a wand of enslavement (17/24)
 e - a wand of random effects (0/48)
 l - a wand of polymorph (14/24)
 q - a wand of iceblast (10/15)
 x - a wand of slowing (12/48)
 z - a wand of lightning (6/15)
 L - a wand of flame (21/48)
 P - a wand of enslavement (15/24)
 Q - a wand of digging (12/24)
 T - a wand of disintegration (12/24)
Scrolls
 o - 2 scrolls of identify
 p - a scroll of teleportation
 t - 2 scrolls of noise
 y - 5 scrolls of remove curse
 A - 2 scrolls of immolation
 B - 2 scrolls of recharging
 G - a scroll of random uselessness
 H - 3 scrolls of amnesia
 K - 2 scrolls of magic mapping
 N - a scroll of torment
Books
 O - a book of Frost

   Spells                             Type                      Level
   a - Freeze                         Ice                          1
   b - Throw Frost                    Conjuration/Ice              2
   c - Ozocubu's Armour               Charms/Ice                   3
   d - Throw Icicle                   Conjuration/Ice              4
   e - Summon Ice Beast               Ice/Summoning                4
Miscellaneous
 w - a sack of spiders {used: 6}
 I - a lamp of fire (inert)


   Skills:
 - Level 7.0 Fighting
 * Level 3.9 Short Blades
 * Level 9.6 Slings
 * Level 7.3 Dodging
 * Level 3.3 Stealth
 * Level 10.7 Evocations


You had 11 spell levels left.
You didn't know any spells.

Dungeon Overview and Level Annotations

Branches:
Dungeon (13/15)            Temple (0/1) D:5            Lair (0/8) D:8
    Orc (0/2) D:12
 Vaults: D:13-14

Altars:
Cheibriados
Fedhas
Gozag
Kikubaaqudgha
Nemelex Xobeh
Okawaru
Pakellas
Qazlal
Ru
Sif Muna
Trog
Yredelemnul
Zin
The Shining One

Shops:
D:9 (   D:12 (

Portals:
Trove: D:10 (give +4 shadow dragon armour)
Ice
Cave: D:13

Annotations:
D:13 Rupert


Innate Abilities, Weirdness & Mutations

You do not eat or drink.
Your flesh is vulnerable to fire.
You are immune to poison.
Your flesh is cold resistant.
You are immune to negative energy.
You are immune to unholy pain and torment.
You can survive without breathing.


Message History

r - Retreat! s - Stop attacking. w - Wait here. f - Follow me.
Anything else - Stay silent.
Wait here!
Your centaur shoots an arrow.
The arrow hits the hill giant!
Your centaur shoots an arrow.
The arrow hits the hill giant.
Your centaur unwields an uncursed shortbow.
Your centaur hits the hill giant!
You see here an arrow.
Your centaur barely misses the hill giant.
Your centaur wields an uncursed shortbow.
Your centaur shoots an arrow.
The arrow hits the hill giant.
Your centaur shoots an arrow.
The arrow hits the hill giant!
There is a stone staircase leading up here.
You see here an arrow.
Your centaur shoots an arrow.
The arrow hits the hill giant.
The centaur warrior shoots an arrow.
The arrow hits your centaur!!
Your centaur dies!
You climb upwards.
Something hits you!
You die...
Pakellas says: Back to the drawing board!

#'######## #[## ...# #..#
...# ##.# .[.#
######.#### ...#
#.........# ...#
#.........# ...#
#.........# ...###
#...(....[# ...#.########
#.@.......#
...#........###.........#
...########...#.........#
...# ###...........# ..##
###F...!....# ###
###########


You could see a giant frog (wandering).

Vanquished Creatures
  Kirke (D:13)
  The ghost of PeterLawrence the Basher, a journeyman MiFi of Okawaru (D:12)
  An unseen horror (D:13)
  A hill giant (D:11)
  3 ugly things
  A deep elf mage (D:13)
  A cyclops (D:8)
  2 gargoyles
  A centaur skeleton (D:10)
  A komodo dragon (D:12)
  2 trolls
  A two-headed ogre (D:12)
  2 crocodiles
  A shadow (D:12)
  The ghost of Kenran the Conjurer, an amateur DECj (D:4)
  2 vampires
  A wyvern (D:12)
  27 yaks
  4 hogs (D:13)
  3 hippogriffs
  Grum (D:10)
  A steam dragon (D:3)
  A mottled dragon (D:12)
  2 ice beasts (D:8)
  6 orc warriors
  2 sky beasts
  2 black bears
  A wasp (D:12)
  6 ogres
  2 wolves (D:10)
  5 centaurs
  4 big kobolds
  5 giant frogs
  A wyvern skeleton (D:12)
  5 wights (D:8)
  2 jellies
  5 crimson imps
  A quasit (D:10)
  A wasp zombie (D:12)
  3 centaur zombies
  3 giant frog skeletons
  9 orc wizards
  A hound (D:4)
  4 orc priests
  6 iguanas
  Natasha (D:2)
  2 killer bee zombies
  5 worker ants
  2 hound zombies
  A hound skeleton (D:10)
  14 adders
  7 gnolls
  A howler monkey zombie (D:9)
  2 shadow imps
  8 white imps (D:13)
  5 adder skeletons
  3 worms (D:3)
  3 dart slugs
  6 giant geckos
  36 orcs
  5 bats
  A bat skeleton (D:2)
  A bat zombie (D:2)
  9 giant cockroaches
  6 goblins
  9 hobgoblins
  9 jackals
  3 quokkas
  A ball python zombie (D:2)
  A giant gecko skeleton (D:2)
  2 giant newts
  27 kobolds
  7 rats
313 creatures vanquished.

Vanquished Creatures (collateral kills)
  Maud (D:11)
  The ghost of Statics the Spear-Bearer, a journeyman DsFi of Nemelex Xobeh (D:11)
  The ghost of mindo the Thaumaturge, a novice HEIE (D:11)
  An ugly thing (D:11)
  The ghost of Acidk0re the Skirmisher, a novice MiFi (D:3)
  Psyche (D:11)
  Sigmund (D:5)
  A mottled dragon (D:11)
  A sky beast (D:5)
  A giant frog (D:11)
  A wyvern zombie (D:11)
  A gnoll sergeant (D:5)
  2 howler monkeys
  A giant frog zombie (D:5)
  A crimson imp (D:5)
  An orc priest (D:5)
  A hound (D:4)
  A giant frog skeleton (D:5)
  A worker ant (D:11)
  2 gnolls (D:5)
  A howler monkey skeleton (D:4)
  An adder (D:11)
  3 orcs (D:5)
  3 giant cockroaches
  A quokka skeleton (D:4)
31 creatures vanquished.

Vanquished Creatures (others)
  Blork the orc (D:5)
  Eustachio (D:4)
  A human (D:13)
  A gnoll sergeant (D:4)
  A necrophage (D:12)
  A centaur (D:13)
  A worker ant (D:13)
  An orc wizard (D:4)
8 creatures vanquished.

Grand Total: 352 creatures vanquished

Notes
Turn   | Place    | Note
--------------------------------------------------------------
     0 | D:1      | M4edhros the Mummy Artificer began the quest for the Orb.
     0 | D:1      | Reached XP level 1. HP: 15/15 MP: 2/2
   373 | D:1      | Reached XP level 2. HP: 21/21 MP: 4/4
   468 | D:2      | Reached skill level 3 in Evocations
   477 | D:2      | Reached XP level 3. HP: 17/27 MP: 5/5
   661 | D:4      | Noticed an ogre
   733 | D:4      | Found a snail-covered altar of Cheibriados.
   736 | D:4      | Noticed Kenran's ghost (amateur DECj)
   739 | D:4      | Found a blossoming altar of Fedhas.
   742 | D:5      | Entered Level 5 of the Dungeon
   742 | D:5      | Noticed Blork the orc
   751 | D:5      | Noticed a sky beast
   751 | D:5      | Reached XP level 4. HP: 16/33 MP: 6/6
   758 | D:5      | Killed a sky beast
   758 | D:5      | Reached skill level 4 in Evocations
   764 | D:5      | Noticed a sky beast
   766 | D:5      | Your ally died
   770 | D:5      | Noticed Sigmund
   773 | D:4      | Noticed a crocodile
   774 | D:4      | wtf, game wants me dead so soon
   805 | D:4      | Reached XP level 5. HP: 18/39 MP: 8/8
   815 | D:4      | Noticed Eustachio
   895 | D:4      | Found a stormy altar of Qazlal.
   900 | D:4      | Your ally died
  1296 | D:3      | Found an oddly glowing altar of Pakellas.
  1323 | D:3      | Became a worshipper of Pakellas the Inventive
  1640 | D:3      | Noticed Acidk0re's ghost (novice MiFi)
  2346 | D:1      | Reached * piety under Pakellas
  2346 | D:1      | Received a gift from Pakellas
  2524 | D:2      | Noticed Natasha
  2527 | D:2      | Noticed Natasha
  2527 | D:2      | Natasha changed into Natasha the adder
  2529 | D:2      | Killed Natasha the adder
  2565 | D:2      | Noticed Natasha
  2573 | D:2      | Killed Natasha
  2748 | D:2      | Reached XP level 6. HP: 47/47 MP: 9/9
  3402 | D:4      | Found a glowing silver altar of Zin.
  3424 | D:5      | Found a sacrificial altar of Ru.
  3431 | D:5      | Killed a sky beast
  3431 | D:5      | Reached skill level 1 in Slings
  3431 | D:5      | Reached skill level 5 in Evocations
  3444 | D:4      | Killed Kenran's ghost
  3444 | D:4      | Reached XP level 7. HP: 25/54 MP: 10/10
  3528 | D:4      | Reached ** piety under Pakellas
  3528 | D:4      | Received a gift from Pakellas
  3626 | D:5      | Killed Sigmund
  3728 | D:5      | Found a staircase to the Ecumenical Temple.
  3764 | D:5      | Found a deep blue altar of Sif Muna.
  3769 | D:5      | Found a glowing golden altar of the Shining One.
  3775 | D:5      | Found an opulent altar of Gozag.
  4196 | D:4      | Reached XP level 8. HP: 47/61 MP: 3/12
  4441 | D:4      | Reached skill level 5 in Fighting
  4441 | D:4      | Reached skill level 6 in Evocations
  4633 | D:3      | Noticed Crazy Yiuf
  4638 | D:3      | Noticed Crazy Yiuf
  4638 | D:3      | Crazy Yiuf changed into Crazy Yiuf the steam dragon
  4642 | D:3      | Killed Crazy Yiuf the steam dragon
  4988 | D:3      | Killed Acidk0re's ghost
  5278 | D:6      | Found a stormy altar of Qazlal.
  5281 | D:6      | Noticed an air elemental
  5567 | D:6      | Reached *** piety under Pakellas
  5567 | D:6      | Received a gift from Pakellas
  5882 | D:7      | Found an ancient bone altar of Kikubaaqudgha.
  6045 | D:7      | Reached skill level 5 in Slings
  6441 | D:7      | Found a basalt altar of Yredelemnul.
  6492 | D:7      | Reached skill level 7 in Evocations
  6563 | D:8      | Reached XP level 9. HP: 62/69 MP: 14/14
  6588 | D:8      | Found an iron altar of Okawaru.
  6675 | D:8      | Found a bloodstained altar of Trog.
  7035 | D:8      | Noticed a cyclops
  7056 | D:8      | Killed a cyclops
  7056 | D:8      | Reached **** piety under Pakellas
  7056 | D:8      | Received a gift from Pakellas
  7141 | D:8      | Found a staircase to the Lair.
  7351 | D:8      | Got a fine halberd
  7353 | D:8      | Identified the +2 halberd "Nodoyc" {chop, Fragile rElec rF- rN++} (You found it on level 8 of the Dungeon)
  7883 | D:9      | Reached skill level 8 in Evocations
  7913 | D:9      | Found a sparkling altar of Nemelex Xobeh.
  8106 | D:9      | Found Karudaics's Antique Weapon Emporium.
  8293 | D:9      | Reached XP level 10. HP: 59/79 MP: 8/16
  8593 | D:10     | Entered Level 10 of the Dungeon
  8989 | D:10     | Reached ***** piety under Pakellas
  8989 | D:10     | Received a gift from Pakellas
  8993 | D:10     | Reached skill level 9 in Evocations
  9368 | D:10     | Noticed Grum
  9370 | D:10     | Killed Grum
  9415 | D:10     | Noticed a gargoyle
  9446 | D:10     | Killed a gargoyle
  9446 | D:10     | Reached XP level 11. HP: 32/84 MP: 3/18
  9665 | D:10     | Found a portal to a secret trove of treasure.
  9701 | D:10     | Reached skill level 5 in Dodging
  9867 | D:11     | Noticed Maud
  9872 | D:11     | Noticed mindo's ghost (novice HEIE)
  9881 | D:11     | Killed Maud
  9893 | D:11     | Noticed a brown ugly thing
  9900 | D:11     | Killed mindo's ghost
  9944 | D:11     | Noticed Psyche
  9953 | D:11     | Killed Psyche
  9986 | D:11     | Noticed Statics's ghost (journeyman DsFi)
 10009 | D:11     | Killed Statics's ghost
 10024 | D:11     | Noticed a white ugly thing
 10033 | D:11     | Killed a white ugly thing
 10051 | D:11     | Found a flickering gateway to a bazaar.
 10060 | Bazaar   | Entered a bazaar
 10060 | Bazaar   | Found Ikuryaplamn's Armour Boutique.
 10060 | Bazaar   | Found Tiuthrila's General Store.
 10060 | Bazaar   | Found Esing's Antique Weapon Shop.
 10060 | Bazaar   | Found Nurph's General Store.
 10062 | Bazaar   | Found Waadwam's Weapon Shop.
 10062 | Bazaar   | Found Itiamp's Distillery.
 10090 | Bazaar   | Bought the +4 arc blade {discharge, rElec} for 342 gold pieces
 10100 | Bazaar   | Bought a +3 ring of protection for 189 gold pieces
 10218 | D:11     | Killed a brown ugly thing
 10218 | D:11     | Reached skill level 1 in Short Blades
 10372 | D:11     | Reached skill level 10 in Evocations
 10382 | D:11     | Got a jewelled ring mail
 10383 | D:11     | Identified the cursed +0 ring mail of Trial and Error {rElec Int+4 Dex+4} (You found it on level 11 of the Dungeon)
 10633 | D:11     | Noticed a hill giant
 10637 | D:11     | Killed a hill giant
 10777 | D:12     | Noticed PeterLawrence's ghost (journeyman MiFi)
 10784 | D:12     | Killed PeterLawrence's ghost
 11037 | D:12     | Reached ****** piety under Pakellas
 11038 | D:12     | Reached skill level 1 in Stealth
 11334 | D:12     | Reached XP level 12. HP: 91/91 MP: 19/19
 11364 | D:12     | Found Othrik's Weapon Emporium.
 11405 | D:12     | Found a staircase to the Orcish Mines.
 12114 | D:12     | Found a deep blue altar of Sif Muna.
 12179 | D:13     | Found a frozen archway.
 12179 | D:13     | Noticed Rupert
 12180 | D:13     | Paralysed by Rupert for 2 turns
 12197 | D:13     | Noticed Kirke
 12201 | D:12     | HP: 2/91 [giant frog (6)]
 12624 | D:13     | Killed Kirke
 12679 | D:13     | Noticed a centaur warrior
 12703 | D:13     | HP: 3/91 [centaur[a centaur warrior] (3)]
 12722 | D:12     | Slain by an unseen horror

Skill      XL: |  1  2  3  4  5  6  7  8  9 10 11 12 |
---------------+-------------------------------------+-----
Evocations     | 3 4 5 7 8 9 10 | 10.7
Fighting       | 2 3 4 5 7 |  7.0
Slings         | 2 3 5 6 8 9 |  9.6
Dodging        | 2 4 6 7 |  7.3
Short Blades   | 3 |  3.9
Stealth        | 1 3 |  3.3

Action                   |  1- 3 |  4- 6 |  7- 9 | 10-12 || total
-------------------------+-------+-------+-------+-------++-------
Melee: Short sword       |   127 |   153 |   209 |       ||   489
       Mace              |       |       |   181 |   134 ||   315
       Quarterstaff      |       |       |     8 |       ||     8
       Rapier            |       |       |       |   170 ||   170
 Fire: Hunting sling     |       |    77 |   151 |    94 ||   322
Invok: Quick Charge      |       |     1 |     7 |     6 ||    14
       Device Surge      |       |       |       |     1 ||     1
Evoke: Wand              |     7 |    35 |    33 |    16 ||    91
       Sack of spiders   |       |       |     2 |     4 ||     6
       Rod               |       |       |       |    58 ||    58
       Lamp of fire      |       |       |       |     2 ||     2
  Use: Scroll            |       |    12 |     3 |    16 ||    31
 Stab: Confused          |       |       |     3 |       ||     3
       Sleeping          |       |       |     3 |     6 ||     9
Armor: Leather armour    |     9 |       |       |       ||     9
       Scale mail        |    60 |   114 |    47 |       ||   221
       Plate armour      |       |       |    87 |       ||    87
       Ring mail         |       |       |   225 |       ||   225
       Robe              |       |       |     7 |   283 ||   290
Dodge: Dodged            |    89 |    66 |   210 |   387 ||   752
Block: Buckler           |     4 |    37 |    83 |    85 ||   209
